 Dungeon Crawl Stone Soup version 0.26.1-11-gd32895ea62 (webtiles) character file.

Game seed: 8792359954704196690

8598 DildoBatman the Dealer of Despair (level 11, -3/83 HPs)
             Began as a Formicid Conjurer on July 12, 2021.
             Was an Elder of Kikubaaqudgha.
             Slain by a troll (8 damage)
             ... on level 9 of the Dungeon on July 13, 2021.
             The game lasted 00:37:02 (8584 turns).

DildoBatman the Dealer of Despair (FoCj)            Turns: 8584, Time: 00:37:03

Health: -3/83      AC: 10    Str: 17    XL:     11   Next: 58%
Magic:  2/23       EV: 13    Int: 24    God:    Kikubaaqudgha [****..]
Gold:   562        SH:  0    Dex: 12    Spells: 19/27 levels left

rFire    . . .     SeeInvis +   a - +2 long sword (drain)
rCold    + . .     Faith    +   (no shield)
rNeg     . . .     Spirit   .   J - +2 leather armour {rC+}
rPois    +         Reflect  .   (helmet unavailable)
rElec    .         Harm     .   M - +0 cloak
rCorr    .         Rampage  +   (no gloves)
Will     +....                  K - +0 pair of boots {rampage}
Stlth    +++.......             C - amulet of faith
HPRegen  0.23/turn              A - ring of Paehahof {Wiz *Corrode rPois Int+5 Stlth+}
MPRegen  0.18/turn              w - +6 ring of strength

@: no status effects
A: permanent stasis, dig shafts and tunnels, four strong arms, antennae 3, claws
1, talons 2, icy blue scales 1, blurry vision 1
a: Dig, Shaft Self, Renounce Religion, Receive Corpses


You were on level 9 of the Dungeon.
You worshipped Kikubaaqudgha.
Kikubaaqudgha was greatly pleased with you.
You visited 2 branches of the dungeon, and saw 10 of its levels.

You collected 562 gold pieces.

Inventory:

Hand Weapons
 a - a +2 long sword of draining (weapon)
 b - a +0 hunting sling
 d - a +4 hand axe of venom
 e - a +4 halberd
Missiles
 c - 57 sling bullets
 f - 203 stones
 g - 251 arrows
 n - 5 javelins
 N - 35 poisoned darts
 O - a throwing net
 P - 140 bolts
Armour
 J - a +2 leather armour of cold resistance (worn)
 K - a +0 pair of boots of rampaging (worn)
 M - a +0 cloak (worn)
 Q - +0 acid dragon scales
Jewellery
 s - an uncursed ring of fire
 w - a +6 ring of strength (right claw)
 A - the ring of Paehahof (left claw) {Wiz *Corrode rPois Int+5 Stlth+}
   (You found it on level 5 of the Dungeon)

   [ring of wizardry]

   It improves your spell success rate.
   It affects your intelligence (+5).
   It protects you from poison.
   It may corrode you when you take damage.
   It makes you more stealthy.
 C - an amulet of faith (around neck)
 F - an uncursed ring of protection from fire
Wands
 D - a wand of flame (15)
 L - a wand of disintegration (16)
Scrolls
 i - 2 scrolls of amnesia {unknown}
 l - a scroll of enchant armour {unknown}
 p - 2 scrolls of magic mapping {unknown}
 r - 2 scrolls of immolation
 u - 3 scrolls of enchant weapon
 v - a scroll of random uselessness {unknown}
 x - 11 scrolls of remove curse
 y - a scroll of blinking {unknown}
 z - 3 scrolls of identify
 G - a scroll of acquirement {unknown}
 H - a scroll of fear {unknown}
 R - a scroll of summoning {unknown}
Potions
 h - 2 potions of haste {unknown}
 j - 3 potions of curing
 k - 7 potions of flight
 m - a potion of lignification {unknown}
 o - a potion of mutation
 q - a potion of magic {unknown}
 t - a potion of berserk rage {unknown}
 B - 2 potions of ambrosia {unknown}
 E - 3 potions of brilliance {unknown}
 I - 2 potions of heal wounds {unknown}


   Skills:
 * Level 6.5 Fighting
 * Level 6.6 Armour
 * Level 4.5 Dodging
 - Level 2.4 Stealth
 * Level 8.9 Spellcasting
 - Level 6.0 Conjurations
 * Level 9.5 Necromancy
 * Level 3.9 Evocations


You had 19 spell levels left.
You knew the following spells:

 Your Spells              Type           Power        Failure   Level
a - Searing Ray           Conj           78%          1%          2
c - Magic Dart            Conj           100%         1%          1
d - Vampiric Draining     Necr           27%          1%          3
z - Sublimation of Blood  Necr           27%          1%          2

Your spell library contained the following spells:

 Spells                   Type           Power        Failure   Level
 Animate Skeleton         Necr           100%         1%          1
 Pain                     Necr           100%         1%          1
 Corpse Rot               Necr/Air       N/A          1%          2
 Animate Dead             Necr           27%          1%          4
 Dispel Undead            Necr           54%          1%          4
 Agony                    Necr           54%          1%          5
 Excruciating Wounds      Necr           27%          1%          5
 Apportation              Tloc           20%          2%          1
 Beastly Appendage        Tmut           20%          2%          1
 Corona                   Hex            11%          2%          1
 Freeze                   Ice            40%          2%          1
 Summon Small Mammal      Summ           40%          2%          1
 Dazzling Flash           Conj/Hex       50%          2%          3
 Wereblood                Tmut           10%          4%          2
 Confusing Touch          Hex            10%          9%          3
 Gell's Gravitas          Tloc           5%           9%          3
 Spider Form              Tmut/Pois      5%           9%          3
 Fulminant Prism          Conj/Hex       12%          9%          4
 Iskenderun's Mystic Bla  Conj/Tloc      25%          9%          4
 Ice Form                 Ice/Tmut       10%          26%         4
 Petrify                  Tmut/Erth      10%          26%         4
 Simulacrum               Ice/Necr       16%          50%         6
 Blade Hands              Tmut           5%           58%         5
 Metabolic Englaciation   Hex/Ice        5%           58%         5
 Yara's Violent Unravell  Hex/Tmut       5%           58%         5


Dungeon Overview and Level Annotations

Branches:
Dungeon (9/15)             Temple (1/1) D:4            Lair (0/6) D:9
    Orc (0/2) D:9

Altars:
Ashenzari
Cheibriados
Dithmenos
Elyvilon
Fedhas
Gozag
Hepliaklqana
Kikubaaqudgha
Makhleb
Nemelex Xobeh
Okawaru
Qazlal
Ru
Sif Muna
Trog
Uskayaw
Vehumet
Wu Jian
Xom
Yredelemnul
Zin
The Shining One

Shops:
D:6 *


Innate Abilities, Weirdness & Mutations

You cannot be hasted, slowed, berserked, paralysed or teleported.
You can dig through walls and to a lower floor.
Your four strong arms can wield two-handed weapons with a shield.
You have a pair of large antennae on your head. (SInv)
You have sharp fingernails.
You have razor-sharp toenails.
You are partially covered in icy blue scales. (AC +2)
Scrolls take you a little longer to read.


Message History

The troll claws you! The troll misses you.
Casting: Searing Ray (safe; 1% risk of failure)
Confirm with . or Enter, or press ? or * to list all spells.
Aiming: Vampiric Draining (safe; 1% risk of failure)
Press: ? - help, Shift-Dir - straight line, f/p - troll
Aim: a troll (severely wounded)
The troll is severely wounded.
You feel life coursing into your body. The troll closely misses you.
The troll misses you. The troll claws you.
You extend your mandibles.
You dig through the rock wall.
You dig through the rock wall.
The troll bites you but does no damage. The troll closely misses you.
The troll claws you!
You die...
Kikubaaqudgha rasps: "You have failed me!
Welcome... death!"

####...............#.#.....#.#
.....#.##.###.#.##.#.#..#..#.#
####.#.#..?...#.##.#.#..#..#.#
#.................#.#..#..#.#
##.#.#.#.).................#.#
...#.#.#...#######.###..#.##.#
.....#..................#.##.#
..........................##.#
#.♣♣♣♣##♣♣..#♣##@♣.#......##.#
#.##♣♣♣♣♣♣.♣♣♣♣T♣♣♣.♣...#.##.####
..♣♣...♣≈≈♣.♣♣..♣♣?♣.............
♣......≈≈≈≈.♣.......♣.♣♣#.##.####
♣..♣..≈≈≈≈#######....♣.♣♣.#..#
♣.♣♣.♣.≈≈##{ {{##....♣.♣.#.##
♣..♣....## { ##....♣♣.#.#
.♣!..♣.## { #....♣#.#.#
....♣.##### ####.#.♣##.#.#


You could see a troll.

Vanquished Creatures
  Harold (D:8)
  Maurice (D:8)
  Maggie (D:8)
  2 trolls (D:9)
  A hornet (D:9)
  Prince Ribbit (D:9)
  6 yaks (D:9)
  5 orc warriors
  A sky beast (D:7)
  A necrophage (D:8)
  2 ogres (D:4)
  3 phantoms
  7 centaurs
  5 bullfrogs
  A water moccasin zombie (D:6)
  A scorpion (D:4)
  48 killer bees (D:9)
  5 wights (D:8)
  3 howler monkeys
  2 jellies (D:7)
  2 orc priests (D:6)
  6 hounds
  10 orc wizards
  8 worker ants
  2 iguanas
  Natasha (thrice) (D:4)
  A hound skeleton (D:6)
  Robin (D:3)
  A worker ant zombie (D:9)
  10 adders
  A howler monkey skeleton (D:8)
  2 shadow imps
  A white imp (D:9)
  An ufetubus (D:6)
  2 adder skeletons
  A worm (D:2)
  2 dart slugs
  13 leopard geckos
  19 orcs
  3 giant cockroaches
  12 goblins
  5 hobgoblins
  16 jackals
  4 kobolds
  5 bats
  3 frilled lizards
  A leopard gecko skeleton (D:4)
  5 rats
237 creatures vanquished.

Vanquished Creatures (others)
  3 orcs (D:3)
  A kobold (D:3)
4 creatures vanquished.

Grand Total: 241 creatures vanquished

Notes
Turn   | Place    | Note
-------+----------+-------------------------------------------
     0 | D:1      | DildoBatman the Formicid Conjurer began the quest for the
                  | Orb.
     0 | D:1      | Reached XP level 1. HP: 13/13 MP: 3/3
   400 | D:1      | Reached XP level 2. HP: 8/19 MP: 1/5
   403 | D:1      | Learned a level 2 spell: Searing Ray
  1185 | D:2      | Reached XP level 3. HP: 24/24 MP: 6/6
  1219 | D:2      | Found a burning altar of Makhleb.
  1400 | D:2      | Noticed a centaur
  1412 | D:2      | Killed a centaur
  1413 | D:2      | Reached skill level 5 in Conjurations
  1413 | D:2      | Reached XP level 4. HP: 6/30 MP: 0/7
  1413 | D:2      | Reached XP level 5. HP: 8/35 MP: 0/8
  1850 | D:3      | Reached skill level 1 in Fighting
  1850 | D:3      | Reached skill level 1 in Armour
  1850 | D:3      | Reached XP level 6. HP: 43/43 MP: 2/9
  2106 | D:3      | Found a radiant altar of Vehumet.
  2504 | D:4      | Noticed Robin
  2548 | D:4      | Found a shadowy altar of Dithmenos.
  2608 | D:4      | Noticed Natasha
  2694 | D:4      | Found a staircase to the Ecumenical Temple.
  2704 | Temple   | Entered the Ecumenical Temple
  2981 | Temple   | Became a worshipper of Kikubaaqudgha
  3247 | D:4      | Killed Natasha
  3248 | D:4      | Reached XP level 7. HP: 50/50 MP: 5/12
  3327 | D:4      | Found a sacrificial altar of Ru.
  3725 | D:4      | Reached skill level 5 in Spellcasting
  3831 | D:3      | Killed Robin
  3882 | D:4      | Noticed Natasha
  3886 | D:4      | Killed Natasha
  3900 | D:4      | Reached XP level 8. HP: 38/56 MP: 3/17
  4055 | D:4      | Noticed Natasha
  4059 | D:4      | Killed Natasha
  4076 | D:5      | Entered Level 5 of the Dungeon
  4076 | D:5      | Found an ornate altar of the Wu Jian Council.
  4188 | D:5      | Found a basalt altar of Yredelemnul.
  4220 | D:5      | Reached * piety under Kikubaaqudgha
  4220 | D:5      | Identified Kikubaaqudgha's Papyrus of Necromancy
                  | (Kikubaaqudgha gifted it to you on level 5 of the Dungeon)
  4220 | D:5      | Received a gift from Kikubaaqudgha
  4355 | D:5      | Got a warped marble ring
  4357 | D:5      | Identified the ring of Paehahof {Wiz *Corrode rPois Int+5
                  | Stlth+} (You found it on level 5 of the Dungeon)
  4497 | D:5      | Reached skill level 1 in Necromancy
  4532 | D:5      | Found a blossoming altar of Fedhas.
  4711 | D:6      | Reached skill level 2 in Necromancy
  4711 | D:6      | Reached XP level 9. HP: 36/64 MP: 15/20
  5197 | D:6      | Found Wakuiqirgh's Assorted Antiques.
  5288 | D:6      | Found a broken altar of Ashenzari.
  5333 | D:6      | Found a shimmering blue altar of Sif Muna.
  5376 | D:6      | Reached skill level 3 in Necromancy
  5377 | D:6      | Identified Sif Muna's Compendium of Cold
  5739 | D:6      | Gained mutation: You are frail. (-10% HP) [potion of
                  | mutation]
  5739 | D:6      | Gained mutation: Your spells are a little easier to cast,
                  | but a little less powerful. [potion of mutation]
  5739 | D:6      | Gained mutation: You are partially covered in yellow
                  | scales. (AC +2) [potion of mutation]
  5740 | D:6      | Lost mutation: Your spells are a little easier to cast, but
                  | a little less powerful. [potion of mutation]
  5740 | D:6      | Lost mutation: You are frail. (-10% HP) [potion of
                  | mutation]
  5740 | D:6      | Lost mutation: You are partially covered in yellow scales.
                  | (AC +2) [potion of mutation]
  5740 | D:6      | Gained mutation: Your movements are slightly less
                  | encumbered by armour. (ER -2) [potion of mutation]
  5740 | D:6      | Gained mutation: Your body sometimes deteriorates upon
                  | taking damage. [potion of mutation]
  5740 | D:6      | Gained mutation: Your muscles are strong. (Str +2) [potion
                  | of mutation]
  5740 | D:6      | Gained mutation: You are partially covered in icy blue
                  | scales. (AC +2) [potion of mutation]
  5741 | D:6      | Lost mutation: Your muscles are strong. (Str +2) [potion of
                  | mutation]
  5741 | D:6      | Lost mutation: Your body sometimes deteriorates upon taking
                  | damage. [potion of mutation]
  5741 | D:6      | Lost mutation: Your movements are slightly less encumbered
                  | by armour. (ER -2) [potion of mutation]
  5741 | D:6      | Gained mutation: You do not regenerate when monsters are
                  | visible. [potion of mutation]
  5741 | D:6      | Gained mutation: You have sharp fingernails. [potion of
                  | mutation]
  5741 | D:6      | Gained mutation: You are partially covered in yellow
                  | scales. (AC +2) [potion of mutation]
  5742 | D:6      | Lost mutation: You do not regenerate when monsters are
                  | visible. [potion of mutation]
  5742 | D:6      | Lost mutation: You are partially covered in yellow scales.
                  | (AC +2) [potion of mutation]
  5742 | D:6      | Gained mutation: You have sharp toenails. [potion of
                  | mutation]
  5742 | D:6      | Gained mutation: Scrolls take you a little longer to read.
                  | [potion of mutation]
  5742 | D:6      | Gained mutation: You have razor-sharp toenails. [potion of
                  | mutation]
  5897 | D:7      | Reached ** piety under Kikubaaqudgha
  6002 | D:7      | Found a bloodstained altar of Trog.
  6081 | D:7      | Found a sparkling altar of Nemelex Xobeh.
  6313 | D:8      | Noticed Maurice
  6328 | D:8      | Killed Maurice
  6329 | D:8      | Reached skill level 5 in Fighting
  6329 | D:8      | Reached skill level 5 in Armour
  6329 | D:8      | Reached skill level 4 in Necromancy
  6373 | D:8      | Reached skill level 5 in Necromancy
  6376 | D:8      | Learned a level 2 spell: Sublimation of Blood
  6380 | D:8      | Learned a level 3 spell: Vampiric Draining
  6446 | D:8      | You fall into a shaft and drop 1 floor!
  6455 | D:9      | Reached XP level 10. HP: 58/74 MP: 15/22
  6592 | D:9      | Found a staircase to the Lair.
  6631 | D:9      | Noticed Prince Ribbit
  6637 | D:9      | Killed Prince Ribbit
  6638 | D:9      | Reached skill level 6 in Necromancy
  6655 | D:9      | Reached skill level 7 in Necromancy
  6660 | D:9      | Reached skill level 8 in Necromancy
  6805 | D:8      | Noticed Harold
  6985 | D:8      | Reached *** piety under Kikubaaqudgha
  6985 | D:8      | Identified Kikubaaqudgha's Volume of Unholy Magic
                  | (Kikubaaqudgha gifted it to you on level 8 of the Dungeon)
  6985 | D:8      | Received a gift from Kikubaaqudgha
  7016 | D:8      | Noticed Maggie
  7025 | D:8      | Killed Maggie
  7125 | D:8      | Found a glowing golden altar of the Shining One.
  7313 | D:8      | Killed Harold
  7314 | D:8      | Reached skill level 9 in Necromancy
  7314 | D:8      | Reached skill level 1 in Evocations
  7510 | D:9      | Reached XP level 11. HP: 69/80 MP: 17/23
  7563 | D:9      | Reached **** piety under Kikubaaqudgha
  8256 | D:9      | Found a staircase to the Orcish Mines.
  8558 | D:9      | Identified the cursed +3 flail of Revolt {speed, *Slow
                  | Dex+4}
  8573 | D:9      | HP: 2/83 [troll (7)]
  8584 | D:9      | Slain by a troll

Illustrated notes

Levels and vault maps discovered:
D:1:      mrwooster_arrival_statue_3, layout_basic, st_stairs_14
D:2:      layout_rooms, makhleb_grotto_becter
D:3:      layout_basic, fiery_altar_vehumet
D:4:      minmay_door_path, layout_rooms, grunt_dithmenos_smoke_and_mirrors,
          general_overflow_altar, minmay_temple_entry_slanted,
          gup_sewer_entry_pipe, uniq_robin, uniq_natasha
D:5:      layout_basic, kennysheep_mini_moat, overflow_temple_1_default,
          yredelemnul_altar_generic
D:6:      layout_layer_cave, led_sif_book, lemuel_round_altar, serial_shops,
          shop
D:7:      layout_basic, bloody_trog, nemelex_diamond_rough_becter
D:8:      layout_loops_ring, nicolae_tso_swordbearing_angel, uniq_maggie,
          uniq_harold, uniq_maurice
D:9:      wad_woods_minihive, layout_basic, lair_entry_dummy, david_orc_2,
          uniq_prince_ribbit1
Temple:   minmay_temple_forest_path

Skill      XL: |  1  2  3  4  5  6  7  8  9 10 11 |
---------------+----------------------------------+-----
Conjurations   | 4 5 6 |  6.0
Fighting       | 1 2 3 5 6 |  6.5
Armour         | 1 2 3 5 6 |  6.6
Spellcasting   | 3 6 7 8 |  8.9
Dodging        | 2 3 4 |  4.5
Necromancy     | 2 5 9 |  9.5
Evocations     | 2 3 |  3.9
Stealth        | |  2.4

Action                   |  1- 3 |  4- 6 |  7- 9 | 10-12 || total
-------------------------+-------+-------+-------+-------++-------
Melee: Unarmed           |     2 |       |       |       ||     2
       Long sword        |       |       |       |    46 ||    46
       Hand axe          |       |       |       |    20 ||    20
 Fire: Hunting sling     |    24 |    66 |   108 |    41 ||   239
 Cast: Magic Dart        |    21 |     4 |     3 |       ||    28
       Searing Ray       |     8 |    19 |    64 |    46 ||   137
       Vampiric Draining |       |       |       |    18 ||    18
 Abil: Dig               |     2 |     7 |     7 |    10 ||    26
  Use: Scroll            |       |     2 |     4 |       ||     6
       Potion            |       |     2 |     4 |       ||     6
 Stab: Distracted        |       |       |       |     1 ||     1
       Sleeping          |       |       |       |     1 ||     1
Armor: Robe              |     4 |     5 |     3 |       ||    12
       Leather armour    |       |       |     1 |    73 ||    74
Dodge: Dodged            |    24 |    30 |    45 |   153 ||   252
       Rpst.: Long sword |       |       |       |    20 ||    20
